 Dungeon Crawl Stone Soup version 0.24-a0-139-geb6712d24a (webtiles) character file.

Game seed: 0

87060 Morbidden the Black Belt (level 15, -11/145 HPs)
             Began as a Troll Hunter on Mar 2, 2019.
             Was the Champion of Jiyva.
             Mangled by a deep elf blademaster
             ... wielding a +1 vampiric rapier
             ... created by the fury of Okawaru
              (20 damage)
             ... on level 1 of the Orcish Mines.
             The game lasted 01:36:50 (26171 turns).

Morbidden the Black Belt (Troll Hunter)            Turns: 26171, Time: 01:36:51

Health: -11/145    AC: 15    Str: 22    XL:     15   Next: 5%
Magic:  27/27      EV: 13    Int:  6    God:    Jiyva [******]
Gold:   1675       SH: 18    Dex: 24    Spells: 14/14 levels left

rFire    + . .     SeeInvis .     - Unarmed
rCold    . . .     Gourm    +   u - +0 large shield
rNeg     . . .     Faith    .   H - +4 troll leather armour
rPois    .         Spirit   .   C - +3 hat of Pondering {ponderous, MR+ MP+10 Int+5}
rElec    .         Reflect  .   I - scarf {cloud immunity}
rCorr    +         Harm     .   (gloves unavailable)
MR       ++++.     Clarity  +   (boots unavailable)
Stlth    ++........             V - necklace of Bloodlust {*Rage +Rage MR++ Int-3 Slay+6 *Curse} (curse)
HPRegen  1.14/turn              R - +4 ring of strength
MPRegen  0.20/turn              y - ring of protection from fire

@: slow
A: large, unfitting armour, antennae 1, claws 3, clarity, fast metabolism 3,
gourmand, mutation resistance 1, regeneration 1, shaggy fur 1, tough skin 3,
wild magic 2, jelly sensing items, jelly absorbing missiles, MP-powered wands
}: 1/15 runes: slimy
a: Request Jelly, Slimify, Cure Bad Mutation, Renounce Religion, Evoke Berserk
Rage


You were on level 1 of the Orcish Mines.
You worshipped Jiyva.
Jiyva was exalted by your worship.
You were very full.

You visited 5 branches of the dungeon, and saw 27 of its levels.
You also visited: Gauntlet and Volcano.

You collected 1907 gold pieces.
You spent 232 gold pieces at shops.

Inventory:

Missiles
 c - 22 large rocks
 d - 3 throwing nets
 m - 24 javelins (quivered)
 t - 14 tomahawks
 x - 7 steel javelins
 N - 7 javelins of returning
Armour
 u - a +0 large shield (worn)
 C - the +3 hat of Pondering (worn) {ponderous, MR+ MP+10 Int+5}
   (You took it off Gastronok on level 11 of the Dungeon)

   It affects your intelligence (+5).
   It affects your resistance to hostile enchantments.
   It affects your magic capacity (+10).
 H - a +4 troll leather armour (worn)
 I - a scarf of cloud immunity (worn)
 T - +1 fire dragon scales
Jewellery
 g - a ring of the Octopus King {rCorr AC+1 EV+1 Str+1 Int+1 Dex+1}
   (You found it on level 5 of the Pits of Slime)

   [ring of resist corrosion]

   It affects your AC (+1).
   It affects your evasion (+1).
   It affects your strength (+1).
   It affects your intelligence (+1).
   It affects your dexterity (+1).
 y - a ring of protection from fire (right claw)
 P - an uncursed ring of protection from fire
 R - a +4 ring of strength (left claw)
 V - the cursed necklace of Bloodlust (around neck) {*Rage +Rage MR++ Int-3 Slay+6 *Curse}
   (You found it in a Gauntlet)

   [amulet of rage]

   It affects your intelligence (-3).
   It affects your accuracy and damage with ranged weapons and melee attacks
   (+6).
   It affects your resistance to hostile enchantments.
   It lets you go berserk.
   It may make you go berserk in combat.
   It curses itself when equipped.
   It has a curse placed upon it.
 Z - an uncursed ring of protection from cold
Wands
 D - a wand of iceblast (8)
 K - a wand of enslavement (13)
 O - a wand of digging (2)
 Q - a wand of polymorph (23)
 X - a wand of disintegration (6)
Scrolls
 j - a scroll of identify
 k - 4 scrolls of teleportation
 o - 13 scrolls of remove curse
 p - 5 scrolls of amnesia
 q - 2 scrolls of noise
 B - 6 scrolls of magic mapping
 F - 2 scrolls of vulnerability
 L - a scroll of fear
 M - a scroll of immolation
 S - 2 scrolls of fog {unknown}
Potions
 a - 3 potions of mutation
 b - 3 potions of resistance
 h - 3 potions of curing
 i - a potion of invisibility
 l - 5 potions of might
 n - a potion of magic
 s - 3 potions of heal wounds {unknown}
 v - 2 potions of cancellation {unknown}
 w - 2 potions of flight
 z - a potion of haste {unknown}
 A - 2 potions of lignification
 E - 4 potions of brilliance
 G - 2 potions of ambrosia {unknown}
 J - 5 potions of degeneration {unknown}
 W - 3 potions of agility
Miscellaneous
 e - a lamp of fire (inert)
 U - a phial of floods (inert)
Comestibles
 f - 17 rations


   Skills:
 * Level 8.6 Fighting
 * Level 10.9 Throwing
 + Level 3.9 Armour
 + Level 6.1 Dodging
 + Level 1.0 Stealth
 + Level 9.3 Shields
 * Level 16.3 Unarmed Combat
   Level 5.0 Invocations
 + Level 0.6 Evocations


You had 14 spell levels left.
You didn't know any spells.
Your spell library contained the following spells:

 Spells                   Type           Power        Failure   Level  Hunger
 Animate Skeleton         Necr           N/A          96%         1    ##.....
 Apportation              Tloc           #.....       96%         1    ##.....
 Beastly Appendage        Tmut           #.....       96%         1    ##.....
 Confusing Touch          Hex            #.....       96%         1    ##.....
 Corona                   Hex            #......      96%         1    ##.....
 Pain                     Necr           #...         96%         1    ##.....
 Sandblast                Erth           #.....       96%         1    ##.....
 Summon Small Mammal      Summ           #...         96%         1    ##.....
 Ensorcelled Hibernation  Hex/Ice        #.....       99%         2    ###....
 Shroud of Golubria       Chrm/Tloc      #.........   99%         2    ###....
 Sticks to Snakes         Tmut           #.......     99%         2    ###....
 Confuse                  Hex            #.......     100%        3    ####...
 Dazzling Spray           Conj/Hex       #.....       100%        3    ####...
 Recall                   Summ/Tloc      N/A          100%        3    ####...
 Regeneration             Chrm/Necr      #.........   100%        3    ####...
 Spider Form              Tmut/Pois      #.........   100%        3    ####...
 Tukima's Dance           Hex            #.......     100%        3    ####...
 Vampiric Draining        Necr           #.........   100%        3    ####...
 Animate Dead             Necr           N/A          100%        4    #####..
 Ice Form                 Ice/Tmut       #.......     100%        4    #####..
 Leda's Liquefaction      Hex/Erth       #.........   100%        4    #####..
 Sticky Flame             Conj/Fire      #.......     100%        4    #####..
 Blade Hands              Tmut           #.........   100%        5    ######.
 Bolt of Magma            Conj/Fire/Erth #.........   100%        5    ######.
 Borgnjor's Vile Clutch   Necr/Erth      #.........   100%        5    ######.
 Death Channel            Necr           #.........   100%        6    #######
 Iron Shot                Conj/Erth      #.........   100%        6    #######
 Simulacrum               Ice/Necr       #.........   100%        6    #######
 Statue Form              Tmut/Erth      #........    100%        6    #######
 Shatter                  Erth           #.........   100%        9    #######


Dungeon Overview and Level Annotations

Branches:
Dungeon (13/15)            Temple (1/1) D:5            Lair (6/6) D:8
 Shoals (0/4) Lair:2        Snake (0/4) Lair:3        Slime (5/5) Lair:5
    Orc (2/2) D:12            Elf (0/3) Orc:2
 Vaults: D:13-14

Altars:
Ashenzari
Cheibriados
Dithmenos
Elyvilon
Fedhas
Gozag
Hepliaklqana
Kikubaaqudgha
Makhleb
Nemelex Xobeh
Okawaru
Qazlal
Ru
Sif Muna
Trog
Uskayaw
Vehumet
Wu Jian
Xom
Yredelemnul
Zin
The Shining One
Jiyva

Shops:
D:4 [(}:?   D:6 !   D:7 ?   D:8 :   D:12 [   Orc:2 =[[*

Annotations:
Slime:5 Royal Jelly


Innate Abilities, Weirdness & Mutations

You are too large for most types of armour.
You have claws for hands.
Your metabolism is lightning-fast.
You like to eat raw meat.
Your natural rate of healing is unusually fast.
You are covered in fur. (AC +1)
You have extremely tough skin. (AC +3)
You have a pair of small antennae on your head.
You possess an exceptional clarity of mind.
You are somewhat resistant to further mutation.
Your spells are harder to cast, but more powerful.
You have a small jelly attached to you that senses nearby items.
You have a small jelly attached to you that may absorb incoming projectiles.
You expend magic power (3 MP) to strengthen your wands.


Message History

The deep elf blademaster misses you.
The deep elf blademaster hits you with a +1 vampiric rapier!!
* * * LOW HITPOINT WARNING * * *
The deep elf blademaster draws strength from your wounds!
You feel better.
The deep elf blademaster hits you with a +1 vampiric rapier!
* * * LOW HITPOINT WARNING * * *
The deep elf blademaster draws strength from your wounds!
You block the deep elf blademaster's attack.
Unknown command.
As you read the scroll of fear, it crumbles to dust.
You assume a fearsome visage.
The jelly looks frightened!
The jelly quivers.
The deep elf blademaster resists with almost no effort.
The jelly looks frightened!
The jelly quivers.
The jelly trembles before you. x2
The deep elf blademaster hits you with a +1 vampiric rapier!!
You die...

## ##.......#........# .#
##......^.........##
.####.#................#
..##....>..............##
..##..........#.....#...#
..##...........#....##.##
.............>.....##.##
...................J...#
.............J.e@#.##.##
..#..............######
....#............##
..................#
##...............#####
#.................##.##
##..J.............#...#
#.#.J............#...##
.....................####


You could see a deep elf blademaster and 2 neutral jellies (fellow slime).

Vanquished Creatures
  Gastronok (D:11)
  Frances (D:12)
  A frost giant (Lair:6)
  A fire giant (Lair:6)
  A stone giant (Orc:1)
  Azrael (Orc:2)
  A minotaur (Gauntlet)
  The ghost of Ylumio the Fighter, a journeyman GrFi of Okawaru (Lair:3)
  4 hydras
  A catoblepas (Lair:6)
  3 two-headed ogres
  4 death yaks (Lair:5)
  An ogre mage (Orc:1)
  A centaur warrior (Lair:6)
  A tengu warrior (Orc:2)
  A naga sharpshooter (Orc:2)
  An unseen horror (D:13)
  A necromancer (Lair:4)
  2 lindwurms (Lair:6)
  8 deep elf magi (Orc:2)
  3 ugly things
  2 orc sorcerers
  2 orc knights (Orc:2)
  A wolf spider (Lair:6)
  3 manticores
  4 cyclopes
  6 black mambas
  A merfolk siren (Lair:2)
  Psyche (D:11)
  3 elephants (Lair:6)
  A torpor snail (Lair:6)
  13 spiny frogs
  A molten gargoyle (Volcano)
  4 gargoyles
  A minotaur zombie (Gauntlet)
  2 centaur skeletons (D:13)
  9 komodo dragons
  3 rime drakes (Lair:6)
  A yaktaur (D:13)
  2 efreet
  2 queen bees (Gauntlet)
  4 merfolk
  4 trolls
  A hornet (Lair:6)
  10 polar bears
  4 dream sheep (Lair:5)
  3 raiju (Lair:6)
  7 hippogriffs
  5 slime creatures (D:12)
  10 blink frogs
  A shadow (D:4)
  Sigmund (D:6)
  A spriggan (Lair:6)
  A wyvern (Lair:6)
  19 yaks
  3 hogs (D:11)
  6 fire elementals
  8 basilisks
  A human (D:11)
  3 hungry ghosts
  5 wargs
  An acid dragon (D:13)
  A naga (Orc:2)
  17 hell hounds
  11 water moccasins
  6 porcupines
  16 black bears
  25 orc warriors
  A sky beast (D:6)
  4 ice beasts
  16 ogres
  3 phantoms
  48 wolves
  17 centaurs
  A necrophage (D:12)
  7 crocodiles
  14 bullfrogs
  A wyvern skeleton (D:10)
  5 scorpions
  A water moccasin skeleton (D:8)
  29 killer bees
  13 wights
  An electric eel (Lair:2)
  A howler monkey (D:4)
  9 crimson imps
  A centaur zombie (D:11)
  5 hounds
  7 jellies
  A quasit (D:9)
  8 orc priests
  2 bullfrog skeletons
  6 iguanas
  Terence (D:2)
  Natasha (twice) (D:2)
  16 orc wizards
  5 worker ants
  A hell rat (Lair:6)
  3 polar bear simulacra (Lair:4)
  A yak simulacrum (Lair:4)
  2 wolf simulacra (Lair:4)
  A killer bee zombie (D:5)
  A worker ant zombie (D:8)
  8 gnolls
  A howler monkey skeleton (D:7)
  13 adders
  2 shadow imps
  An ooze (D:3)
  An adder zombie (D:9)
  An adder skeleton (D:8)
  5 worms
  4 leopard geckos
  50 orcs
  3 ball pythons
  7 bats
  4 giant cockroaches
  11 goblins
  4 hobgoblins
  12 jackals
  8 quokkas
  2 frilled lizards
  A giant cockroach zombie (D:5)
  4 kobolds
  A quokka skeleton (D:4)
  9 rats
  5 river rat simulacra (Lair:4)
  3 fungi
  7 plants
676 creatures vanquished.

Vanquished Creatures (collateral kills)
  A warg (Lair:6)
  4 orc warriors (Orc:2)
  3 centaurs (Orc:2)
  A bullfrog (Lair:1)
  An orc wizard (Orc:2)
10 creatures vanquished.

Vanquished Creatures (others)
  An acid blob (Orc:2)
  A black draconian (Slime:3)
  A death ooze (Slime:5)
  A merfolk impaler (Orc:2)
  A centaur warrior (Slime:5)
  2 tengu warriors (Slime:5)
  An unseen horror (D:13)
  2 deep elf archers (Slime:5)
  An orc knight (Slime:3)
  5 slime creatures
  5 deep elf magi
  A troll (Slime:3)
  A hippogriff (Lair:6)
  2 orc warriors
  An ogre (Orc:2)
  3 wolves (Lair:6)
  2 centaurs (Slime:5)
  A crocodile (Lair:6)
  59 jellies
  An orc priest (Orc:1)
  2 orc wizards (Orc:1)
  Natasha (D:2)
  3 gnolls (D:2)
  11 orcs
  A hobgoblin (D:2)
  17 demonic plants (Gauntlet)
  15 fungi
  19 plants
161 creatures vanquished.

Grand Total: 847 creatures vanquished

Notes
Turn   | Place    | Note
-------+----------+-------------------------------------------
     0 | D:1      | Morbidden the Troll Hunter began the quest for the Orb.
     0 | D:1      | Reached XP level 1. HP: 19/19 MP: 0/0
   332 | D:1      | Reached XP level 2. HP: 27/27 MP: 1/1
   651 | D:1      | Reached skill level 1 in Unarmed Combat
   800 | D:2      | Reached XP level 3. HP: 35/35 MP: 2/2
   929 | D:2      | Reached XP level 4. HP: 21/42 MP: 3/3
   932 | D:2      | Reached skill level 2 in Unarmed Combat
  1228 | D:2      | You fall through a shaft!
  1342 | D:3      | Reached XP level 5. HP: 49/49 MP: 4/4
  1356 | D:3      | Reached skill level 3 in Unarmed Combat
  2017 | D:4      | Found Eqintiar's Magic Scroll Shoppe.
  2023 | D:4      | Noticed an ogre
  2035 | D:4      | Killed an ogre
  2035 | D:4      | Reached skill level 4 in Unarmed Combat
  2035 | D:4      | Reached XP level 6. HP: 32/59 MP: 5/5
  2174 | D:4      | Found a snail-covered altar of Cheibriados.
  2175 | D:4      | Found a transporter.
  2176 | D:4      | Noticed a shadow
  2177 | D:4      | Found a sparkling altar of Nemelex Xobeh.
  2184 | D:4      | Found a transporter.
  2218 | D:4      | Found a bloodstained altar of Trog.
  2371 | D:4      | Reached skill level 5 in Throwing
  2482 | D:4      | Found Renex's Gadget Shoppe.
  2584 | D:4      | Reached XP level 7. HP: 61/66 MP: 6/6
  2648 | D:4      | Found Ziwuuwn's Book Shoppe.
  2817 | D:4      | Found Waefu's Antique Armour Shoppe.
  2827 | D:4      | Bought a large shield for 144 gold pieces
  2839 | D:4      | Found Boumya's Weapon Shoppe.
  3033 | D:4      | Reached skill level 5 in Unarmed Combat
  3121 | D:5      | Entered Level 5 of the Dungeon
  3505 | D:5      | Found a staircase to the Ecumenical Temple.
  3521 | Temple   | Entered the Ecumenical Temple
  3751 | D:5      | Reached skill level 1 in Shields
  3889 | D:6      | Found Foez's Distillery.
  3951 | D:6      | Reached XP level 8. HP: 75/75 MP: 7/7
  4117 | D:6      | Bought a potion of lignification for 39 gold pieces
  4270 | D:6      | Reached skill level 6 in Unarmed Combat
  4293 | D:6      | Identified the Catalogue of Assistive Black Arts
  4300 | D:6      | Noticed Sigmund
  4320 | D:6      | Killed Sigmund
  4915 | D:7      | Reached skill level 7 in Unarmed Combat
  4915 | D:7      | Reached XP level 9. HP: 84/84 MP: 8/8
  4918 | D:7      | Found a radiant altar of Vehumet.
  5320 | D:7      | Found Utamoik's Magic Scroll Emporium.
  5366 | D:7      | Bought a scroll of magic mapping for 49 gold pieces
  5549 | D:8      | Found Xenaming's Book Shop.
  5599 | D:8      | Found an ornate altar of the Wu Jian Council.
  5713 | D:8      | Reached skill level 8 in Unarmed Combat
  5769 | D:8      | Found a staircase to the Lair.
  5897 | D:8      | Found a stormy altar of Qazlal.
  5897 | D:8      | Found an iron altar of Okawaru.
  5906 | D:8      | Became a worshipper of Warmaster Okawaru
  6163 | D:9      | Reached skill level 1 in Invocations
  6479 | D:9      | Reached * piety under Okawaru
  6535 | D:9      | Reached skill level 9 in Unarmed Combat
  6546 | D:9      | Reached XP level 10. HP: 79/94 MP: 8/10
  6760 | D:10     | Entered Level 10 of the Dungeon
  6931 | D:10     | Found a white marble altar of Elyvilon.
  7241 | D:11     | Noticed Gastronok
  7284 | D:11     | Noticed a cyan ugly thing
  7344 | D:10     | Reached ** piety under Okawaru
  7541 | D:11     | Reached skill level 5 in Fighting
  7607 | D:11     | Killed Gastronok
  7607 | D:11     | Reached *** piety under Okawaru
  7607 | D:11     | Reached **** piety under Okawaru
  7607 | D:11     | Reached skill level 5 in Shields
  7607 | D:11     | Reached skill level 10 in Unarmed Combat
  7653 | D:11     | Noticed a two-headed ogre
  7661 | D:11     | Killed a two-headed ogre
  7661 | D:11     | Reached skill level 1 in Armour
  7661 | D:11     | Reached XP level 11. HP: 94/104 MP: 12/12
  7826 | D:11     | Noticed Psyche
  7840 | D:11     | Killed Psyche
  7965 | D:11     | Reached ***** piety under Okawaru
  7983 | D:11     | Killed a cyan ugly thing
  7983 | D:11     | Reached skill level 11 in Unarmed Combat
  8084 | D:11     | Received a gift from Okawaru
  8332 | D:12     | Found Hecid's Armour Shop.
  8345 | D:12     | Received a gift from Okawaru
  8449 | D:12     | Noticed Frances
  8459 | D:12     | Killed Frances
  8459 | D:12     | Received a gift from Okawaru
  8751 | D:12     | Found a staircase to the Orcish Mines.
  9184 | D:13     | Received a gift from Okawaru
  9184 | D:13     | Reached skill level 12 in Unarmed Combat
  9187 | D:13     | Killed an unseen horror
  9278 | D:13     | Noticed a cyan ugly thing
  9286 | D:13     | Killed a cyan ugly thing
  9452 | D:13     | Noticed a two-headed ogre
  9471 | D:13     | Reached XP level 12. HP: 114/114 MP: 14/14
  9486 | D:13     | Killed a two-headed ogre
 10446 | Lair:1   | Entered Level 1 of the Lair of Beasts
 10611 | Lair:1   | Reached skill level 13 in Unarmed Combat
 10854 | Lair:1   | Noticed an eight-headed hydra
 10866 | Lair:1   | Killed an eight-headed hydra
 10866 | Lair:1   | Received a gift from Okawaru
 10866 | Lair:1   | Reached skill level 5 in Dodging
 11370 | Lair:2   | Reached skill level 5 in Invocations
 11459 | Lair:2   | Found a gate leading to a gauntlet.
 11476 | Gauntlet | Entered a Gauntlet
 11476 | Gauntlet | Found a transporter.
 11486 | Gauntlet | Found a transporter.
 11501 | Gauntlet | Found a transporter.
 11506 | Gauntlet | Found a transporter.
 11521 | Gauntlet | Found a transporter.
 11522 | Gauntlet | Found the cursed necklace of Bloodlust {*Rage +Rage MR++
                  | Int-3 Slay+6 *Curse}
 11540 | Gauntlet | Found a transporter.
 11548 | Gauntlet | Noticed a death scarab
 11553 | Gauntlet | Found a transporter.
 11553 | Gauntlet | Noticed a death scarab
 11564 | Gauntlet | Noticed a hell hog
 11565 | Gauntlet | Found a transporter.
 11577 | Gauntlet | Found a transporter.
 11585 | Gauntlet | Found a large runed translucent door.
 11586 | Gauntlet | Found a large runed translucent door.
 11587 | Gauntlet | Found a large runed translucent door.
 11587 | Gauntlet | Found a large runed translucent door.
 11588 | Gauntlet | Found a runed translucent gate.
 11589 | Gauntlet | Found a transporter.
 11589 | Gauntlet | Found a runed translucent gate.
 11589 | Gauntlet | Noticed a dire elephant
 11590 | Gauntlet | Found a runed translucent gate.
 11591 | Gauntlet | Found a large runed translucent door.
 11591 | Gauntlet | Found a large runed translucent door.
 11592 | Gauntlet | Found a large runed translucent door.
 11593 | Gauntlet | Found a large runed translucent door.
 11602 | Gauntlet | Found a large runed translucent door.
 11602 | Gauntlet | Found a large runed translucent door.
 11602 | Gauntlet | Found a runed translucent door.
 11602 | Gauntlet | Found a runed translucent door.
 11603 | Gauntlet | Found a large runed translucent door.
 11604 | Gauntlet | Found a large runed translucent door.
 11606 | Gauntlet | Found a transporter.
 11614 | Gauntlet | Found a large runed translucent door.
 11614 | Gauntlet | Found a large runed translucent door.
 11615 | Gauntlet | Found a large runed translucent door.
 11616 | Gauntlet | Found a large runed translucent door.
 11624 | Gauntlet | Found a transporter.
 11626 | Gauntlet | Found a transporter.
 11626 | Gauntlet | Noticed a tengu warrior
 11655 | Gauntlet | Found the +0 pair of fencer's gloves {Riposte Dex+3}
 11671 | Gauntlet | Found a transporter.
 11673 | Gauntlet | Found a transporter.
 11751 | Gauntlet | Found a transporter.
 11805 | Gauntlet | Found a transporter.
 12114 | Gauntlet | Identified the +12 broad axe "Movvoqoo" {vamp, *Contam
                  | rPois Str+3 Dex+4}
 12114 | Gauntlet | Noticed a minotaur
 12119 | Gauntlet | Killed a minotaur
 12119 | Gauntlet | Reached XP level 13. HP: 116/123 MP: 15/15
 12803 | Lair:2   | Found a staircase to the Shoals.
 13117 | Lair:3   | Found a large runed translucent door.
 13117 | Lair:3   | Found a large runed translucent door.
 13560 | Lair:3   | Found a staircase to the Snake Pit.
 13758 | Lair:3   | Noticed Ylumio's ghost (journeyman GrFi)
 13772 | Lair:3   | Killed Ylumio's ghost
 14629 | Lair:5   | Reached skill level 10 in Throwing
 14634 | Lair:5   | Reached skill level 14 in Unarmed Combat
 14817 | Lair:5   | Found a dark tunnel.
 14822 | Volcano  | Entered a volcano
 15414 | Lair:5   | Found a staircase to the Slime Pits.
 15415 | Lair:5   | Found a viscous altar of Jiyva.
 15456 | Lair:5   | Fell from the grace of Okawaru
 15456 | Lair:5   | Became a worshipper of Jiyva Jiyxkafu the Shapeless
 15995 | Lair:5   | Reached * piety under Jiyva
 17028 | D:2      | Noticed Natasha
 17033 | D:2      | Killed Natasha
 17123 | D:2      | Reached ** piety under Jiyva
 17198 | D:2      | Noticed Terence
 17201 | D:2      | Killed Terence
 17218 | D:2      | Noticed Natasha
 17225 | D:2      | Killed Natasha
 17670 | D:2      | Killed Natasha
 18254 | D:1      | Reached *** piety under Jiyva
 19295 | D:5      | Gained mutation: You have a small jelly attached to you
                  | that senses nearby items. [Jiyva's grace]
 19513 | D:6      | Reached **** piety under Jiyva
 19513 | D:6      | Gained mutation: Your flesh is cold resistant. (rC+)
                  | [Jiyva's grace]
 20873 | D:9      | Gained mutation: You are partially covered in iridescent
                  | scales. (AC +2) [Jiyva's grace]
 21218 | D:11     | Reached ***** piety under Jiyva
 21363 | D:12     | Gained mutation: You possess an exceptional clarity of
                  | mind. [Jiyva's grace]
 21732 | D:13     | Gained mutation: Your translucent skin slightly reduces
                  | your foes' accuracy. (Stealth) [Jiyva's grace]
 21846 | D:12     | Reached ****** piety under Jiyva
 22376 | Lair:2   | Gained mutation: Your spells are a little harder to cast,
                  | but a little more powerful. [Jiyva's grace]
 22697 | Lair:6   | Entered Level 6 of the Lair of Beasts
 22864 | Lair:5   | Reached XP level 14. HP: 71/133 MP: 16/16
 22966 | Lair:5   | Gained mutation: You are agile. (Dex +2) [Jiyva's grace]
 23057 | Lair:6   | Gained mutation: You have an increased reservoir of magic.
                  | (+10% MP) [Jiyva's grace]
 23068 | Lair:6   | Reached skill level 15 in Unarmed Combat
 23105 | Lair:6   | Gained mutation: Your rubbery body absorbs attacks. (AC +1,
                  | EV +1) [Jiyva's grace]
 23484 | Lair:6   | Lost mutation: You are partially covered in iridescent
                  | scales. (AC +2) [Jiyva's grace]
 23499 | Lair:6   | Gained mutation: You are very agile. (Dex +4) [Jiyva's
                  | grace]
 23600 | Lair:6   | Gained mutation: You evolve. [Jiyva's grace]
 23614 | Lair:6   | Noticed a deep elf master archer
 23732 | Lair:6   | Noticed a fire giant
 23732 | Lair:6   | Noticed a frost giant
 23747 | Lair:6   | Killed a fire giant
 23759 | Lair:6   | Killed a frost giant
 24014 | Lair:6   | Found a white marble altar of Elyvilon.
 24088 | Lair:6   | Reached skill level 1 in Stealth
 24109 | Lair:6   | Noticed a deep elf blademaster
 24297 | Slime:1  | Entered Level 1 of the Pits of Slime
 24302 | Slime:2  | Noticed an acid blob
 24305 | Slime:2  | Noticed an acid blob
 24351 | Slime:4  | Noticed an acid blob
 24358 | Slime:5  | Entered Level 5 of the Pits of Slime
 24364 | Slime:5  | Lost mutation: Your translucent skin slightly reduces your
                  | foes' accuracy. (Stealth) [Jiyva's grace]
 24368 | Slime:5  | Gained mutation: You expend magic power (3 MP) to
                  | strengthen your wands. [Jiyva's grace]
 24371 | Slime:5  | Lost mutation: You are very agile. (Dex +4) [evolution]
 24377 | Slime:5  | Found a viscous altar of Jiyva.
 24378 | Slime:5  | Noticed an azure jelly
 24379 | Slime:5  | Found the ring of the Octopus King
 24379 | Slime:5  | Noticed an acid blob
 24379 | Slime:5  | Noticed an azure jelly
 24381 | Slime:5  | Found the +9 staff of Wucad Mu {channel}
 24381 | Slime:5  | Noticed an acid blob
 24381 | Slime:5  | Noticed the Royal Jelly
 24381 | Slime:5  | Noticed an acid blob
 24381 | Slime:5  | Noticed an azure jelly
 24384 | Slime:5  | Identified the Guide on the Mountains and Flames
 24410 | Slime:5  | Got a ring of the Octopus King
 24420 | Slime:5  | Got a wavering ruby amulet
 24422 | Slime:5  | Got a slimy rune of Zot
 24427 | Slime:5  | Identified a ring of the Octopus King {rCorr AC+1 EV+1
                  | Str+1 Int+1 Dex+1} (You found it on level 5 of the Pits of
                  | Slime)
 24429 | Slime:5  | Identified the amulet of Fedhas's Favour {+Rage +Inv rPois
                  | Str+2 Dex-2} (You found it on level 5 of the Pits of Slime)
 24435 | Slime:5  | Got a shimmering graven amulet
 24437 | Slime:5  | Identified the amulet "Wicruo Ywenu" {+Rage Dex+5} (You
                  | found it on level 5 of the Pits of Slime)
 24448 | Slime:5  | Got a slimy silver amulet
 24450 | Slime:5  | Identified the amulet of Japrolow {Inacc Int-2 Dex+4
                  | Stlth+} (You found it on level 5 of the Pits of Slime)
 24452 | Slime:5  | Noticed an acid blob
 24466 | Slime:5  | Noticed an acid blob
 24611 | Slime:5  | Noticed an azure jelly
 24614 | Slime:5  | Noticed an azure jelly
 24645 | Slime:5  | Noticed an acid blob
 24715 | Slime:5  | Noticed an acid blob
 24770 | Slime:4  | Noticed an acid blob
 24780 | Slime:2  | Noticed an azure jelly
 24787 | Slime:1  | Noticed an azure jelly
 24855 | Lair:2   | Lost mutation: You have an increased reservoir of magic.
                  | (+10% MP) [Jiyva's grace]
 24987 | Orc:1    | Entered Level 1 of the Orcish Mines
 24993 | Orc:1    | Noticed a stone giant
 25010 | Orc:1    | Killed a stone giant
 25041 | Orc:1    | Lost mutation: You evolve. [Jiyva's grace]
 25041 | Orc:1    | Gained mutation: You are somewhat resistant to further
                  | mutation. [Jiyva's grace]
 25062 | Orc:1    | Gained mutation: You have a small jelly attached to you
                  | that may absorb incoming projectiles. [Jiyva's grace]
 25093 | Orc:1    | Gained mutation: Your mind is acute. (Int +2) [Jiyva's
                  | grace]
 25252 | Orc:2    | Entered Level 2 of the Orcish Mines
 25252 | Orc:2    | Found a staircase to the Elven Halls.
 25268 | Orc:2    | Noticed Azrael
 25291 | Orc:2    | Killed Azrael
 25296 | Orc:2    | Reached skill level 16 in Unarmed Combat
 25472 | Orc:2    | Gained mutation: You are partially covered in slimy green
                  | scales. (AC +2) [Jiyva's grace]
 25492 | Orc:2    | Lost mutation: You are agile. (Dex +2) [Jiyva's grace]
 25505 | Orc:2    | Lost mutation: Your rubbery body absorbs attacks. (AC +1,
                  | EV +1) [Jiyva's grace]
 25510 | Orc:2    | Noticed an acid blob
 25510 | Orc:2    | a merfolk changed into an acid blob
 25523 | Orc:2    | Killed an acid blob
 25720 | Orc:2    | Reached XP level 15. HP: 145/145 MP: 17/17
 25741 | Orc:2    | Gained mutation: Your spells are harder to cast, but more
                  | powerful. [Jiyva's grace]
 25769 | Orc:2    | Lost mutation: Your flesh is cold resistant. (rC+) [Jiyva's
                  | grace]
 25778 | Orc:2    | Found Kuiloe's Antique Armour Boutique.
 25778 | Orc:2    | Found Etirusotz's Armour Shoppe.
 25780 | Orc:2    | Found Citeilearr's Jewellery Emporium.
 25782 | Orc:2    | Found Riemas's General Store.
 25817 | Orc:2    | Lost mutation: You are partially covered in slimy green
                  | scales. (AC +2) [Jiyva's grace]
 25834 | Orc:2    | Lost mutation: Your mind is acute. (Int +2) [Jiyva's grace]
 25851 | Orc:2    | Gained mutation: You have a pair of small antennae on your
                  | head. [Jiyva's grace]
 26119 | Orc:2    | Noticed a deep elf blademaster
 26119 | Orc:2    | Noticed a fire giant
 26171 | Orc:1    | Mangled by a deep elf blademaster

Levels and vault maps discovered:
D:1:      lightli_arrival_quake, layout_basic
D:2:      layout_loops_ring, minmay_misc_feat_four_crosses, uniq_natasha,
          uniq_terence
D:3:      layout_loops_cross
D:4:      layout_cave_pods, old_standard_altar, gammafunk_temple_overflow_arena,
          serial_shops, shop_scrolls, shop, kennysheep_mini,
          nicolae_shop_overgrown_old_shop, nicolae_shop_behind_doors,
          first_ration
D:5:      layout_basic, minmay_temple_entry_grid
D:6:      layout_loops_ring, serial_shops, shop, uniq_sigmund
D:7:      layout_basic, basic_altar, serial_shops, nicolae_shop_window_shopping
D:8:      layout_rooms, kennysheep_mini_moat, gammafunk_temple_overflow_wave,
          serial_shops, shop_fountains
D:9:      layout_loops_ring
D:10:     layout_rooms, basic_altar
D:11:     layout_roguey, grunt_livestock, uniq_gastronok, uniq_psyche
D:12:     minmay_weird_star, layout_loops_ring, orc_0_dummy, serial_shops,
          nicolae_shop_waterfront, uniq_frances
D:13:     layout_long_grid, minmay_the_grid_2x2 [minmay_the_grid_medium_cups,
          minmay_the_grid_x, minmay_the_grid_large_cup,
          minmay_the_grid_prize_trominoes]
Temple:   kb_temple_of_zot
Lair:1:   layout_roguey, nicolae_quartered_pool_medium, serial_bayou_shore_a
Lair:2:   layout_regular_city, elwin_shoals_entry_rooms, gauntlet_entry_generic
Lair:3:   layout_chaotic_city, dummy_snake_entry, ebering_ghost_disaster_area
Lair:4:   layout_gridlike, serial_forest, infiniplex_forest_fountain,
          infiniplex_forest_lined_corner, infiniplex_forest_lined_room_,
          infiniplex_forest_split, infiniplex_forest_zigzag_1,
          infiniplex_forest_corner_1, infiniplex_forest_end_1,
          infiniplex_forest_clump_long, eino_house_with_fridge
Lair:5:   layout_layer_cave, slime_altar_1, enter_volcano_4,
          kennysheep_basilisk_garden, grunt_megastairs_3
Lair:6:   hangedman_lair_in_review, layout_regular_city,
          hangedman_lair_caniforms_friends, basic_altar,
          grunt_forest_large_clearings
Slime:1:  layout_caves
Slime:2:  layout_caves
Slime:3:  layout_caves
Slime:4:  layout_caves
Slime:5
Orc:1:    layout_caves, serial_shops, nicolae_shop_statue_plus
Orc:2:    st_orc_rangers, layout_caves, elves_outpost_lemuel, uniq_azrael
Volcano:  volcano_overflow
Gauntlet: gammafunk_gauntlet_one_two_three [nicolae_gauntlet_arena_grate_2,
          gammafunk_gauntlet_arena_grid, nicolae_gauntlet_arena_quarters,
          minmay_gauntlet_arena_make_your_own_arena, nicolae_gauntlet_swirl,
          gammafunk_gauntlet_arena_hedges, nicolae_gauntlet_arena_flowing_pool,
          gammafunk_gauntlet_arena_arrow_garden, nicolae_gauntlet_arena_x,
          gauntlet_exit_hidden_loot]

Skill      XL: |  1  2  3  4  5  6  7  8  9 10 11 12 13 14 |
---------------+-------------------------------------------+-----
Throwing       | 4 5 6 7 8 9 10 | 10.9
Unarmed Combat | 1 2 4 5 7 9 10 12 13 14 16 | 16.3
Fighting       | 2 3 4 5 6 7 8 |  8.6
Dodging        | 2 3 4 5 6 |  6.1
Shields        | 1 2 3 5 7 8 9 |  9.3
Invocations    | 1 3 4 5 |  5.0
Armour         | 1 2 3 |  3.9
Stealth        | 1 |  1.0
Evocations     | |  0.6

Action                   |  1- 3 |  4- 6 |  7- 9 | 10-12 | 13-15 || total
-------------------------+-------+-------+-------+-------+-------++-------
Melee: Unarmed           |    67 |   126 |   382 |   553 |  1036 ||  2164
       Punch             |       |     3 |       |       |       ||     3
Throw: Stone             |    58 |    87 |    96 |    40 |       ||   281
       Large rock        |     5 |       |       |    27 |     1 ||    33
       Javelin           |       |       |    22 |    55 |    10 ||    87
       Throwing net      |       |       |       |     1 |       ||     1
       Tomahawk          |       |       |       |       |    55 ||    55
Invok: Heroism           |       |       |       |     6 |       ||     6
       Finesse           |       |       |       |     1 |       ||     1
       Request Jelly     |       |       |       |       |    20 ||    20
       Slimify           |       |       |       |       |     5 ||     5
 Abil: Evoke Berserk Rag |       |       |       |       |     1 ||     1
Evoke: Wand              |       |       |       |     2 |     8 ||    10
       Phial of floods   |       |       |       |     1 |     2 ||     3
       Lamp of fire      |       |       |       |       |     2 ||     2
  Use: Scroll            |       |     1 |     3 |    19 |    21 ||    44
       Potion            |       |       |       |     5 |     4 ||     9
 Stab: Sleeping          |       |     1 |       |       |       ||     1
       Held in net/web   |       |       |       |     5 |       ||     5
       Invisible         |       |       |       |     4 |       ||     4
       Petrified         |       |       |       |       |     2 ||     2
  Eat: Chunk             |     6 |    23 |    32 |    41 |    41 ||   143
       Ration            |       |       |     1 |     5 |    13 ||    19
Armor: Robe              |    49 |    63 |    92 |    37 |       ||   241
       Troll leather arm |       |       |       |   148 |   364 ||   512
       Fire dragon scale |       |       |       |     2 |     9 ||    11
Dodge: Dodged            |    79 |    96 |    61 |   150 |   414 ||   800
Block: Large shield      |       |       |   232 |   504 |  1051 ||  1787

Table legend:
 A = Non-vault XP
 B = Vault XP
 C = Vault XP percentage of total XP
 D = Non-vault monster count
 E = Vault monster count
 F = Vault count percentage of total count
                 A         B        C        D         E       F
            +---------+---------+-------+---------+---------+-------
      Total |   54063 |   51737 |  48.9 |     428 |     229 |  34.9
            +---------+---------+-------+---------+---------+-------
        D:1 |      32 |       0 |   0.0 |      21 |       0 |   0.0
        D:2 |     212 |      73 |  25.6 |      26 |       2 |   7.1
        D:3 |     104 |       0 |   0.0 |      19 |       0 |   0.0
        D:4 |     630 |     480 |  43.2 |      24 |       3 |  11.1
        D:5 |     357 |       0 |   0.0 |      10 |       0 |   0.0
        D:6 |    1240 |     231 |  15.7 |      32 |       1 |   3.0
        D:7 |     819 |       0 |   0.0 |      18 |       0 |   0.0
        D:8 |    1708 |       0 |   0.0 |      22 |       0 |   0.0
        D:9 |    1351 |       0 |   0.0 |      28 |       0 |   0.0
       D:10 |    1330 |       0 |   0.0 |      19 |       0 |   0.0
       D:11 |    3839 |    3809 |  49.8 |      31 |       7 |  18.4
       D:12 |    2750 |    2272 |  45.2 |      14 |       1 |   6.7
       D:13 |    4101 |    4964 |  54.8 |      21 |      18 |  46.2
     Lair:1 |    4373 |       0 |   0.0 |      18 |       0 |   0.0
     Lair:2 |    1683 |     775 |  31.5 |      10 |       2 |  16.7
     Lair:3 |    4293 |    1154 |  21.2 |      13 |       1 |   7.1
     Lair:4 |    1758 |     822 |  31.9 |      10 |      12 |  54.5
     Lair:5 |    9706 |    1224 |  11.2 |      30 |       8 |  21.1
     Lair:6 |    6981 |   20766 |  74.8 |      20 |     102 |  83.6
      Orc:1 |    4992 |       0 |   0.0 |      25 |       0 |   0.0
      Orc:2 |    1804 |   10039 |  84.8 |      17 |      50 |  74.6
    Volcano |       0 |    1414 | 100.0 |       0 |       4 | 100.0
   Gauntlet |       0 |    3714 | 100.0 |       0 |      18 | 100.0
            +---------+---------+-------+---------+---------+-------
